 Dungeon Crawl Stone Soup version 0.25-a0-290-g4a1327ee3a (webtiles) character file.

Game seed: 10247905457263121571, levelgen mode: deterministic

42 1312 the Slasher (level 3, 27/27 HPs)
             Began as a Demonspawn Gladiator on Dec 14, 2019.
             Quit the game on level 2 of the Dungeon.
             The game lasted 00:03:37 (1391 turns).

1312 the Slasher (Demonspawn Gladiator)             Turns: 1391, Time: 00:03:37

Health: 27/27      AC:  4    Str: 15    XL:     3   Next: 35%
Magic:  3/3        EV: 13    Int:  9    God:
Gold:   73         SH:  0    Dex: 14    Spells: 2/2 levels left

rFire    . . .     SeeInvis .   q - +0 short sword
rCold    + . .     Gourm    .   (no shield)
rNeg     . . .     Faith    .   b - +0 leather armour
rPois    .         Spirit   .   c - +0 helmet
rElec    .         Reflect  .   (no cloak)
rCorr    .         Harm     .   (no gloves)
MR       .....                  (no boots)
Stlth    ++........             (no amulet)
HPRegen  0.09/turn              (no ring)
MPRegen  0.08/turn              (no ring)

@: no status effects
A: cold resistance 1, nightstalker 1
a: no special abilities


You were on level 2 of the Dungeon.
You were near starving.

You visited 1 branch of the dungeon, and saw 2 of its levels.

You collected 73 gold pieces.

Inventory:

Hand Weapons
 a - a +0 long sword
 p - a +0 dagger
 q - a +0 short sword (weapon)
Missiles
 d - 3 throwing nets (quivered)
Armour
 b - a +0 leather armour (worn)
 c - a +0 helmet (worn)
Scrolls
 e - a scroll of fog {unknown}
 h - a scroll of identify {unknown}
 i - 2 scrolls of teleportation {unknown}
 j - a scroll of remove curse {unknown}
 l - a scroll of enchant weapon {unknown}
 r - a scroll of fear {unknown}
Potions
 g - a potion of flight {unknown}
 k - a potion of mutation {unknown}
 m - 2 potions of curing {unknown}
 n - a potion of berserk rage {unknown}
 o - a potion of resistance {unknown}
Comestibles
 f - 6 rations


   Skills:
 - Level 2.0 Fighting
 * Level 0.4(2.2) Short Blades
 - Level 3.5 Long Blades
 - Level 1.8 Throwing
 - Level 0.2 Armour
 + Level 3.0 Dodging
 * Level 0.4 Stealth


You had 2 spell levels left.
You didn't know any spells.
Your spell library was empty.

Dungeon Overview and Level Annotations

Branches:
Dungeon (2/15)

Altars:


Innate Abilities, Weirdness & Mutations

Your flesh is cold resistant. (rC+)
You are slightly more attuned to the shadows.


Message History

You barely miss the hobgoblin.
The hobgoblin is moderately wounded.
The hobgoblin hits you.
You hit the hobgoblin but do no damage.
The hobgoblin is moderately wounded.
The hobgoblin hits you.
You barely miss the hobgoblin.
The hobgoblin is moderately wounded.
The hobgoblin barely misses you.
You hit the hobgoblin but do no damage.
The hobgoblin is moderately wounded.
The hobgoblin barely misses you.
You hit the hobgoblin.
You kill the hobgoblin!
You see here a hobgoblin corpse.
You start resting.
HP restored.
You start waiting.
You are near starving!
Are you sure you want to abandon this character and quit the game? (Confirm with "yes".)

#. #.#
#.....###.......##.#
#.#
#...............##.#
#....###........##.#
#..#...#.#.<..#.##.#
#.##.###...........#
#. #.# ####...#.####
. #.# ###.#....#
#.#####.# #...####
#.....@)# #####
#########


There were no monsters in sight!

Vanquished Creatures
  2 leopard geckos (D:1)
  4 bats
  2 giant cockroaches (D:1)
  5 goblins
  5 hobgoblins
  4 jackals (D:1)
  5 kobolds
  A frilled lizard (D:2)
  7 rats
35 creatures vanquished.

Notes
Turn   | Place    | Note
-------+----------+-------------------------------------------
     0 | D:1      | 1312 the Demonspawn Gladiator began the quest for the Orb.
     0 | D:1      | Reached XP level 1. HP: 16/16 MP: 1/1
   430 | D:1      | Gained mutation: Your flesh is cold resistant. (rC+)
                  | [demonic ancestry]
   430 | D:1      | Reached XP level 2. HP: 21/22 MP: 2/2
   969 | D:2      | Gained mutation: You are slightly more attuned to the
                  | shadows. [demonic ancestry]
   969 | D:2      | Reached XP level 3. HP: 27/27 MP: 3/3
  1391 | D:2      | Quit the game

Levels and vault maps discovered:
D:1:      wander_arrival_estate, layout_basic
D:2:      layout_basic, first_ration, lemuel_tele_altar

Skill      XL: |  1  2  3 |
---------------+----------+-----
Long Blades    | 3 |  3.5
Dodging        | 3 |  3.0
Fighting       | |  2.0
Short Blades   | |  0.4
Throwing       | |  1.8
Armour         | |  0.2
Stealth        | |  0.4

Action                   || total
-------------------------++-------
Melee: Long sword        ||    45
       Short sword       ||    18
       Dagger            ||    14
 Stab: Sleeping          ||     2
Armor: Leather armour    ||    31
Dodge: Dodged            ||    59
       Rpst.: Long sword ||    12

Table legend:
 A = Non-vault XP
 B = Vault XP
 C = Vault XP percentage of total XP
 D = Non-vault monster count
 E = Vault monster count
 F = Vault count percentage of total count
                 A         B        C        D         E       F
            +---------+---------+-------+---------+---------+-------
      Total |      61 |       0 |   0.0 |      35 |       0 |   0.0
            +---------+---------+-------+---------+---------+-------
        D:1 |      40 |       0 |   0.0 |      22 |       0 |   0.0
        D:2 |      21 |       0 |   0.0 |      13 |       0 |   0.0
            +---------+---------+-------+---------+---------+-------
